Santa Cruz Tiger Sharks vs London Knights
Created - Monday, May 8, 2023 at 07:02
Goals
|
| Santa Cruz Tiger Sharks |
2 |
3 |
1 |
6 |
| London Knights |
1 |
1 |
0 |
2 |
|
Shots
|
| Santa Cruz Tiger Sharks |
7 |
14 |
20 |
41 |
| London Knights |
14 |
11 |
10 |
35 |
|
1st period
1. Santa Cruz Tiger Sharks , Kailer Yamamoto 23 (Jack Roslovic 36, Austin Strand 13) at 4:24
2. Santa Cruz Tiger Sharks , Jesper Boqvist 27 (Travis Boyd 26) at 15:10
3. London Knights , Tyce Thompson 22 (Rasmus Kupari 35, Cameron Hughes 13) at 16:07
Penalties :
No Penalty
2nd period
4. Santa Cruz Tiger Sharks , Jack Roslovic 26 (Kailer Yamamoto 31, Zach Sanford 28) at 0:22
5. Santa Cruz Tiger Sharks , Kailer Yamamoto 24 (Jack Roslovic 37) at 10:58 (PP)
6. Santa Cruz Tiger Sharks , Michael McLeod 15 (Jesper Boqvist 30) at 13:00 (PP)
7. London Knights , Jan Jenik 16 (Connor Bunnaman 15, Nick Swaney 9) at 13:35
Penalties :
Hunter Drew (SCS) for Interference (Minor) at 2:00, Hunter Drew (SCS) for Slashing (Minor) at 5:33, Tyce Thompson (LKN) for Tripping (Minor) at 10:57, Curtis Douglas (LKN) for Holding (Minor) at 12:53
3rd period
8. Santa Cruz Tiger Sharks , Austin Strand 5 (Kailer Yamamoto 32, Jack Roslovic 38) at 9:35 (PP)
Penalties :
Simon Lundmark (LKN) for Charging (Minor) at 2:16, Michael McLeod (SCS) for Holding (Minor) at 5:47, Cameron Hughes (LKN) for Slashing (Minor) at 8:49, Hunter Drew (SCS) for Diving (Minor) at 11:04, Declan McDonnell (LKN) for Tripping (Minor) at 13:35, Cameron Hughes (LKN) for Fighting (Major) at 17:30, David Gustafsson (SCS) for Fighting (Major) at 17:30
Goalie Stats
Mikhail Berdin (SCS), 33 saves from 35 shots - (0.943), W, 11-7-1, 60:00 minutes
Michael McNiven (LKN), 35 saves from 41 shots - (0.854), L, 5-8-0, 60:00 minutes
Players Stats for Santa Cruz Tiger Sharks
Player Name G A P +/- PIM S H SB GA TA FO MP PP MP PK MP
------------------------------------------------------------------------------------
Alexander Volkov 0 0 0 -1 0 3 2 0 2 0 0/0 15:08 0:00 3:51
Austin Strand 1 1 2 1 0 3 2 0 0 1 0/0 23:26 2:31 4:14
Calle Rosen 0 0 0 -1 0 1 1 1 0 1 0/0 22:48 2:21 3:42
David Gustafsson 0 0 0 0 5 3 1 0 1 0 1/5 13:25 0:00 3:59
Evgeny Svechnikov 0 0 0 0 0 1 2 0 2 0 0/0 8:31 0:00 0:00
Hunter Drew 0 0 0 1 6 1 1 1 1 1 0/0 15:21 0:00 0:00
Jack Roslovic 1 3 4 1 0 7 0 0 1 0 11/21 16:09 2:46 0:00
Jesper Boqvist 1 1 2 1 0 2 0 0 1 2 1/1 14:35 2:06 0:06
Kailer Yamamoto 2 2 4 1 0 9 2 1 2 1 1/1 16:09 2:46 0:00
Kevin Rooney 0 0 0 -1 0 0 0 1 0 0 5/10 15:22 0:00 3:51
Kieffer Bellows 0 0 0 -1 0 1 1 0 0 0 0/0 11:10 0:00 0:00
Michael McLeod 1 0 1 1 2 4 1 0 0 0 6/13 14:35 2:06 0:00
Sean Day 0 0 0 -1 0 1 4 2 0 0 0/0 22:48 2:21 3:42
Steven Lorentz 0 0 0 0 0 0 1 0 0 0 0/0 14:08 0:00 3:59
Tobias Bjornfot 0 0 0 1 0 1 2 0 1 1 0/0 23:26 2:31 4:14
Travis Boyd 0 1 1 1 0 2 2 0 0 0 1/1 14:29 2:06 0:00
Wyatt Kalynuk 0 0 0 1 0 0 0 1 0 0 0/0 13:46 0:00 0:00
Zach Sanford 0 1 1 1 0 2 2 0 0 0 0/1 16:43 2:46 0:06
Players Stats for London Knights
Player Name G A P +/- PIM S H SB GA TA FO MP PP MP PK MP
------------------------------------------------------------------------------------
Cameron Hughes 0 1 1 -1 7 1 0 1 0 0 1/1 19:05 4:09 1:05
Christian Wolanin 0 0 0 -1 0 0 2 1 0 1 0/0 20:21 3:36 1:41
Cole Koepke 0 0 0 0 0 4 2 0 0 0 0/0 11:06 0:14 0:00
Connor Bunnaman 0 1 1 1 0 0 2 0 0 1 0/0 15:35 3:33 0:00
Curtis Douglas 0 0 0 0 2 8 1 0 1 0 1/2 11:40 0:00 1:20
Declan McDonnell 0 0 0 -1 2 0 0 0 0 0 0/0 9:16 0:00 0:00
Dominik Bokk 0 0 0 0 0 0 1 2 0 0 0/0 11:36 0:14 0:33
Ethan Bear 0 0 0 0 0 2 0 3 0 1 0/0 28:03 4:20 3:11
Jan Jenik 1 0 1 1 0 2 4 0 2 0 5/11 19:09 3:33 2:47
Jordan Oesterle 0 0 0 -1 0 1 2 0 0 0 0/0 20:21 3:36 1:41
Marco Rossi 0 0 0 -1 0 3 2 0 0 0 3/3 10:57 0:14 0:06
Nick Swaney 0 1 1 1 0 2 1 0 0 0 0/0 15:35 3:33 0:00
Rasmus Kupari 0 1 1 -1 0 3 1 1 1 4 14/31 21:54 4:09 2:53
Sami Niku 0 0 0 0 0 2 0 0 0 1 0/0 11:36 0:00 0:00
Simon Lundmark 0 0 0 0 2 3 3 1 0 0 0/0 12:06 0:00 0:00
Simon Ryfors 0 0 0 -1 0 0 2 0 1 0 0/1 9:58 0:00 1:00
Troy Stecher 0 0 0 0 0 1 5 1 1 1 0/0 28:03 4:20 3:11
Tyce Thompson 1 0 1 -1 2 3 0 1 1 2 3/4 18:41 4:09 0:00
3 Stars
1 - Kailer Yamamoto (SCS)
2 - Jack Roslovic (SCS)
3 - Austin Strand (SCS)
Power Play
Santa Cruz Tiger Sharks - 3 on 5 Attempt(s) - 60.00%
London Knights - 0 on 4 Attempt(s) - 0.00%
Penalty Kill
Santa Cruz Tiger Sharks - 4 on 4 Attempt(s) - 100.00%
- Score 0 goal in Penalty Kill
London Knights - 2 on 5 Attempt(s) - 40.00%
- Score 0 goal in Penalty Kill
Team Stat
Santa Cruz Tiger Sharks - Hits : 24 - Faceoff Wins : 26 - Blocked Shots : 7 - Penalty Minutes : 13
London Knights - Hits : 28 - Faceoff Wins : 27 - Blocked Shots : 11 - Penalty Minutes : 15
Official
Referees : Steve Kozari and Rob Martell
Linesman : Brian Murphy and Mark Wheler
Game Notes
Cameron Hughes and David Gustafsson fight to a draw at 17:30 of 3rd period
Santa Cruz Tiger Sharks
5 vs 5 Forward
Center Left Wing Right Wing Time % Phy DF OF
1 Jack Roslovic Zach Sanford Kailer Yamamoto 30 1 2 2
2 Michael McLeod Travis Boyd Jesper Boqvist 30 1 2 2
3 Kevin Rooney Kieffer Bellows Alexander Volkov 25 1 2 2
4 David Gustafsson Evgeny Svechnikov Steven Lorentz 15 1 2 2
5 vs 5 Defense
Defense Defense Time % Phy DF OF
1 Tobias Bjornfot Austin Strand 35 1 2 2
2 Calle Rosen Sean Day 35 1 2 2
3 Hunter Drew Wyatt Kalynuk 30 1 2 2
4 Tobias Bjornfot Austin Strand 0 1 2 2
PowerPlay Forward
Center Left Wing Right Wing Time % Phy DF OF
1 Jack Roslovic Zach Sanford Kailer Yamamoto 50 1 2 2
2 Michael McLeod Travis Boyd Jesper Boqvist 50 1 2 2
PowerPlay Defense
Defense Defense Time % Phy DF OF
1 Tobias Bjornfot Austin Strand 50 1 2 2
2 Calle Rosen Sean Day 50 1 2 2
Penalty Kill 4 Players Forward
Center Wing Time % Phy DF OF
1 Kevin Rooney Alexander Volkov 50 1 2 2
2 David Gustafsson Steven Lorentz 50 1 2 2
Penalty Kill 4 Players Defense
Defense Defense Time % Phy DF OF
1 Tobias Bjornfot Austin Strand 50 1 2 2
2 Calle Rosen Sean Day 50 1 2 2
Penalty Kill - 3 Players Forward
Forward Time % Phy DF OF
1 Kevin Rooney 50 1 2 2
2 David Gustafsson 50 1 2 2
Penalty Kill - 3 Players Defense
Defense Defense Time % Phy DF OF
1 Tobias Bjornfot Austin Strand 50 1 2 2
2 Calle Rosen Sean Day 50 1 2 2
4 vs 4 Forward
Center Wing Time % Phy DF OF
1 Jack Roslovic Kailer Yamamoto 50 1 2 2
2 Michael McLeod Zach Sanford 50 1 2 2
4 vs 4 Defense
Defense Defense Time % Phy DF OF
1 Tobias Bjornfot Austin Strand 50 1 2 2
2 Calle Rosen Sean Day 50 1 2 2
Last Minutes Offensive
Center Left Wing Right Wing Defense Defense
Jack Roslovic Zach Sanford Kailer Yamamoto Tobias Bjornfot Austin Strand
Last Minutes Defensive
Center Left Wing Right Wing Defense Defense
Kevin Rooney David Gustafsson Alexander Volkov Tobias Bjornfot Austin Strand
Goaltenders
Starting : Mikhail Berdin
Backup : Carter Hart
Extra Forwards
Normal : David Gustafsson, Kevin Rooney, Alexander Volkov - PP : David Gustafsson, Kevin Rooney - PK : Alexander Volkov
Extra Defensemen
Normal : Hunter Drew, Wyatt Kalynuk, Calle Rosen - PP : Hunter Drew - PK : Wyatt Kalynuk, Calle Rosen
Penalty Shots
Jack Roslovic, Kailer Yamamoto, Michael McLeod, Zach Sanford, Travis Boyd
London Knights
5 vs 5 Forward
Center Left Wing Right Wing Time % Phy DF OF
1 Rasmus Kupari Cameron Hughes Tyce Thompson 40 1 2 2
2 Jan Jenik Connor Bunnaman Nick Swaney 30 1 2 2
3 Curtis Douglas Cole Koepke Dominik Bokk 20 1 2 2
4 Marco Rossi Simon Ryfors Declan McDonnell 10 1 2 2
5 vs 5 Defense
Defense Defense Time % Phy DF OF
1 Ethan Bear Troy Stecher 40 1 2 2
2 Jordan Oesterle Christian Wolanin 30 1 2 2
3 Sami Niku Simon Lundmark 20 1 2 2
4 Ethan Bear Troy Stecher 10 1 2 2
PowerPlay Forward
Center Left Wing Right Wing Time % Phy DF OF
1 Rasmus Kupari Cameron Hughes Tyce Thompson 60 1 2 2
2 Jan Jenik Connor Bunnaman Nick Swaney 40 1 2 2
PowerPlay Defense
Defense Defense Time % Phy DF OF
1 Ethan Bear Troy Stecher 60 1 2 2
2 Jordan Oesterle Christian Wolanin 40 1 2 2
Penalty Kill 4 Players Forward
Center Wing Time % Phy DF OF
1 Rasmus Kupari Jan Jenik 60 1 2 2
2 Cameron Hughes Curtis Douglas 40 1 2 2
Penalty Kill 4 Players Defense
Defense Defense Time % Phy DF OF
1 Ethan Bear Troy Stecher 60 1 2 2
2 Jordan Oesterle Christian Wolanin 40 1 2 2
Penalty Kill - 3 Players Forward
Forward Time % Phy DF OF
1 Rasmus Kupari 60 1 2 2
2 Jan Jenik 40 1 2 2
Penalty Kill - 3 Players Defense
Defense Defense Time % Phy DF OF
1 Ethan Bear Troy Stecher 60 1 2 2
2 Jordan Oesterle Christian Wolanin 40 1 2 2
4 vs 4 Forward
Center Wing Time % Phy DF OF
1 Rasmus Kupari Jan Jenik 60 1 2 2
2 Cameron Hughes Curtis Douglas 40 1 2 2
4 vs 4 Defense
Defense Defense Time % Phy DF OF
1 Ethan Bear Troy Stecher 60 1 2 2
2 Jordan Oesterle Christian Wolanin 40 1 2 2
Last Minutes Offensive
Center Left Wing Right Wing Defense Defense
Rasmus Kupari Cameron Hughes Tyce Thompson Ethan Bear Troy Stecher
Last Minutes Defensive
Center Left Wing Right Wing Defense Defense
Rasmus Kupari Cameron Hughes Tyce Thompson Ethan Bear Troy Stecher
Goaltenders
Starting : Michael McNiven
Backup : Michael Hutchinson
Extra Forwards
Normal : Marco Rossi, Cole Koepke, Simon Ryfors - PP : Marco Rossi, Cole Koepke - PK : Simon Ryfors
Extra Defensemen
Normal : Sami Niku, Simon Lundmark, Jordan Oesterle - PP : Sami Niku - PK : Simon Lundmark, Jordan Oesterle
Penalty Shots
Rasmus Kupari, Jan Jenik, Cameron Hughes, Curtis Douglas, Marco Rossi
% Time on Ice - Santa Cruz Tiger Sharks
Lines # - Real PCT - Wanted PCT - Time Play
Normal Forward
1 - 29% - 30% - 13:30
2 - 30% - 30% - 14:01
3 - 24% - 25% - 11:10
4 - 18% - 15% - 8:31
Normal Defense
1 - 33% - 35% - 15:31
2 - 35% - 35% - 16:45
3 - 29% - 30% - 13:46
4 - 2% - 0% - 1:10
PP Forward
1 - 57% - 50% - 2:46
2 - 43% - 50% - 2:06
PP Defense
1 - 52% - 50% - 2:31
2 - 48% - 50% - 2:21
PK Forward
1 - 49% - 50% - 3:51
2 - 51% - 50% - 4:05
PK Defense
1 - 53% - 50% - 4:14
2 - 47% - 50% - 3:42
PK3 Forward
1 - 0% - 50%
2 - 0% - 50%
PK3 Defense
1 - 0% - 50%
2 - 0% - 50%
44 Forward
1 - 0% - 50%
2 - 0% - 50%
44 Defense
1 - 0% - 50%
2 - 0% - 50%
Last Minute Offensive - 0:00
Last Minute Defensive - 0:00
Total
Forward - 60:00
Defense - 60:00
|
% Time on Ice - London Knights
Lines # - Real PCT - Wanted PCT - Time Play
Normal Forward
1 - 33% - 40% - 15:36
2 - 26% - 30% - 12:17
3 - 22% - 20% - 10:21
4 - 19% - 10% - 8:58
Normal Defense
1 - 38% - 40% - 18:02
2 - 32% - 30% - 15:04
3 - 25% - 20% - 11:36
4 - 5% - 10% - 2:30
PP Forward
1 - 54% - 60% - 4:15
2 - 46% - 40% - 3:41
PP Defense
1 - 55% - 60% - 4:20
2 - 45% - 40% - 3:36
PK Forward
1 - 73% - 60% - 3:32
2 - 27% - 40% - 1:20
PK Defense
1 - 65% - 60% - 3:11
2 - 35% - 40% - 1:41
PK3 Forward
1 - 0% - 60%
2 - 0% - 40%
PK3 Defense
1 - 0% - 60%
2 - 0% - 40%
44 Forward
1 - 0% - 60%
2 - 0% - 40%
44 Defense
1 - 0% - 60%
2 - 0% - 40%
Last Minute Offensive - 0:00
Last Minute Defensive - 0:00
Total
Forward - 60:00
Defense - 60:00
|
Play-by-Play
1st period
0:01 of 1st period - Jack Roslovic wins face-off versus Rasmus Kupari in neutral zone.
0:12 of 1st period - Wrist shot by Jack Roslovic.
0:12 of 1st period - Stopped by Michael McNiven without a rebound.
0:13 of 1st period - Michael McLeod wins face-off versus Jan Jenik in London Knights zone.
0:49 of 1st period - Wrist shot by Marco Rossi.
0:49 of 1st period - Shot Blocked by Sean Day.
0:51 of 1st period - Backhand shot by Simon Lundmark.
0:51 of 1st period - Stopped by Mikhail Berdin with a rebound.
1:01 of 1st period - Jesper Boqvist is hit by Simon Lundmark.
1:17 of 1st period - Slapshot by Michael McLeod.
1:17 of 1st period - Stopped by Michael McNiven with a rebound.
1:19 of 1st period - Slapshot by Travis Boyd.
1:19 of 1st period - Shot Misses the Net.
1:21 of 1st period - Snap shot by Hunter Drew.
1:21 of 1st period - Shot Blocked by Dominik Bokk.
1:23 of 1st period - Slapshot by Jesper Boqvist.
1:23 of 1st period - Shot Blocked by Simon Lundmark.
1:37 of 1st period - Snap shot by Cole Koepke.
1:37 of 1st period - Deflect By Curtis Douglas.
1:37 of 1st period - Stopped by Mikhail Berdin without a rebound.
1:38 of 1st period - Rasmus Kupari wins face-off versus Kevin Rooney in Santa Cruz Tiger Sharks zone.
1:41 of 1st period - Snap shot by Tyce Thompson.
1:41 of 1st period - Shot Blocked by Kevin Rooney.
1:43 of 1st period - Slapshot by Ethan Bear.
1:43 of 1st period - Stopped by Mikhail Berdin without a rebound.
1:44 of 1st period - Kevin Rooney wins face-off versus Rasmus Kupari in Santa Cruz Tiger Sharks zone.
3:02 of 1st period - Off-side.
3:03 of 1st period - Jack Roslovic wins face-off versus Rasmus Kupari in neutral zone.
3:51 of 1st period - Wrist shot by Cole Koepke.
3:51 of 1st period - Stopped by Mikhail Berdin with a rebound.
3:57 of 1st period - Jordan Oesterle is hit by Evgeny Svechnikov.
4:24 of 1st period - Snap shot by Kailer Yamamoto.
4:24 of 1st period - Goal by Kailer Yamamoto - Santa Cruz Tiger Sharks : 1 - London Knights : 0.
4:25 of 1st period - Rasmus Kupari wins face-off versus Kevin Rooney in neutral zone.
4:52 of 1st period - Kailer Yamamoto is hit by Jan Jenik and loses puck.
5:31 of 1st period - Snap shot by Marco Rossi.
5:31 of 1st period - Shot Misses the Net.
6:16 of 1st period - Backhand shot by Jack Roslovic.
6:16 of 1st period - Stopped by Michael McNiven with a rebound.
7:24 of 1st period - Snap shot by Rasmus Kupari.
7:24 of 1st period - Stopped by Mikhail Berdin with a rebound.
8:02 of 1st period - Snap shot by Marco Rossi.
8:02 of 1st period - Stopped by Mikhail Berdin with a rebound.
8:14 of 1st period - Sean Day is hit by Jordan Oesterle and loses puck.
8:35 of 1st period - Evgeny Svechnikov is hit by Marco Rossi and loses puck.
9:06 of 1st period - Slapshot by Jordan Oesterle.
9:06 of 1st period - Stopped by Mikhail Berdin with a rebound.
9:08 of 1st period - Slapshot by Jordan Oesterle.
9:08 of 1st period - Deflect By Marco Rossi.
9:08 of 1st period - Shot Misses the Net.
9:08 of 1st period - Puck is out of play.
9:09 of 1st period - Jack Roslovic wins face-off versus Rasmus Kupari in Santa Cruz Tiger Sharks zone.
9:20 of 1st period - Wrist shot by Rasmus Kupari.
9:20 of 1st period - Stopped by Mikhail Berdin without a rebound.
9:21 of 1st period - Michael McLeod wins face-off versus Rasmus Kupari in Santa Cruz Tiger Sharks zone.
9:46 of 1st period - Zach Sanford is hit by Connor Bunnaman and loses puck.
10:16 of 1st period - Wrist shot by Curtis Douglas.
10:16 of 1st period - Stopped by Mikhail Berdin with a rebound.
10:32 of 1st period - Slapshot by Jack Roslovic.
10:32 of 1st period - Deflect By Tyce Thompson.
10:32 of 1st period - Shot Blocked by Rasmus Kupari.
10:32 of 1st period - Puck is out of play.
10:33 of 1st period - Rasmus Kupari wins face-off versus Jack Roslovic in London Knights zone.
10:42 of 1st period - Wrist shot by Tyce Thompson.
10:42 of 1st period - Shot Misses the Net.
11:35 of 1st period - Ethan Bear is hit by David Gustafsson and loses puck.
12:12 of 1st period - Snap shot by Marco Rossi.
12:12 of 1st period - Stopped by Mikhail Berdin with a rebound.
12:14 of 1st period - Slapshot by Simon Lundmark.
12:14 of 1st period - Stopped by Mikhail Berdin with a rebound.
12:16 of 1st period - Wrist shot by Marco Rossi.
12:16 of 1st period - Shot Blocked by Sean Day.
12:18 of 1st period - Wrist shot by Simon Ryfors.
12:18 of 1st period - Shot Misses the Net.
13:07 of 1st period - Icing by Travis Boyd.
13:08 of 1st period - Michael McLeod wins face-off versus Jan Jenik in Santa Cruz Tiger Sharks zone.
13:10 of 1st period - Icing by Travis Boyd.
13:11 of 1st period - Michael McLeod wins face-off versus Jan Jenik in Santa Cruz Tiger Sharks zone.
13:11 of 1st period - Michael McLeod is hit by Jan Jenik.
13:20 of 1st period - Snap shot by Jan Jenik.
13:20 of 1st period - Shot Misses the Net.
13:22 of 1st period - Wrist shot by Jan Jenik.
13:22 of 1st period - Shot Hit the Post.
13:24 of 1st period - Snap shot by Jan Jenik.
13:24 of 1st period - Shot Misses the Net.
13:26 of 1st period - Snap shot by Nick Swaney.
13:26 of 1st period - Stopped by Mikhail Berdin with a rebound.
15:00 of 1st period - Snap shot by Jesper Boqvist.
15:00 of 1st period - Stopped by Michael McNiven without a rebound.
15:01 of 1st period - Tyce Thompson wins face-off versus Michael McLeod in London Knights zone.
15:06 of 1st period - Backhand shot by Travis Boyd.
15:06 of 1st period - Shot Misses the Net.
15:08 of 1st period - Snap shot by Jesper Boqvist.
15:08 of 1st period - Shot Blocked by Christian Wolanin.
15:10 of 1st period - Snap shot by Jesper Boqvist.
15:10 of 1st period - Goal by Jesper Boqvist - Santa Cruz Tiger Sharks : 2 - London Knights : 0.
15:11 of 1st period - Rasmus Kupari wins face-off versus Jack Roslovic in neutral zone.
15:22 of 1st period - Slapshot by Cameron Hughes.
15:22 of 1st period - Shot Blocked by Wyatt Kalynuk.
15:36 of 1st period - Cameron Hughes is hit by Hunter Drew and loses puck.
16:05 of 1st period - Wrist shot by Tyce Thompson.
16:05 of 1st period - Stopped by Mikhail Berdin with a rebound.
16:07 of 1st period - Snap shot by Tyce Thompson.
16:07 of 1st period - Goal by Tyce Thompson - Santa Cruz Tiger Sharks : 2 - London Knights : 1.
16:08 of 1st period - Jan Jenik wins face-off versus Michael McLeod in neutral zone.
16:33 of 1st period - Jack Roslovic is hit by Simon Ryfors and loses puck.
17:38 of 1st period - Travis Boyd is hit by Jordan Oesterle and loses puck.
18:46 of 1st period - Christian Wolanin is hit by Michael McLeod and loses puck.
19:01 of 1st period - Wrist shot by Kailer Yamamoto.
19:01 of 1st period - Stopped by Michael McNiven with a rebound.
19:17 of 1st period - Calle Rosen is hit by Rasmus Kupari and loses puck.
19:24 of 1st period - Jordan Oesterle is hit by Sean Day and loses puck.
19:50 of 1st period - Tyce Thompson is hit by Tobias Bjornfot and loses puck.
Goals for this period are 2 for Santa Cruz Tiger Sharks vs 1 for London Knights.
Shots for this period are 7 for Santa Cruz Tiger Sharks vs 14 for London Knights.
2nd period
0:01 of 2nd period - Jack Roslovic wins face-off versus Rasmus Kupari in neutral zone.
0:08 of 2nd period - Snap shot by Kailer Yamamoto.
0:08 of 2nd period - Stopped by Michael McNiven with a rebound.
0:10 of 2nd period - Slapshot by Austin Strand.
0:10 of 2nd period - Stopped by Michael McNiven without a rebound.
0:11 of 2nd period - Jack Roslovic wins face-off versus Rasmus Kupari in London Knights zone.
0:20 of 2nd period - Slapshot by Kailer Yamamoto.
0:20 of 2nd period - Stopped by Michael McNiven with a rebound.
0:22 of 2nd period - Slapshot by Jack Roslovic.
0:22 of 2nd period - Goal by Jack Roslovic - Santa Cruz Tiger Sharks : 3 - London Knights : 1.
0:23 of 2nd period - Michael McLeod wins face-off versus Rasmus Kupari in neutral zone.
0:38 of 2nd period - Snap shot by Travis Boyd.
0:38 of 2nd period - Stopped by Michael McNiven with a rebound.
0:48 of 2nd period - Austin Strand is hit by Connor Bunnaman and loses puck.
0:59 of 2nd period - Backhand shot by Jan Jenik.
0:59 of 2nd period - Shot Misses the Net.
1:32 of 2nd period - Steven Lorentz is hit by Curtis Douglas and loses puck.
1:39 of 2nd period - Wrist shot by Curtis Douglas.
1:39 of 2nd period - Stopped by Mikhail Berdin with a rebound.
1:55 of 2nd period - Wrist shot by Tyce Thompson.
1:55 of 2nd period - Shot Misses the Net.
2:00 of 2nd period - Minor Penalty to Hunter Drew for Interference.
2:01 of 2nd period - Tyce Thompson wins face-off versus Kevin Rooney in Santa Cruz Tiger Sharks zone.
2:36 of 2nd period - Snap shot by Jan Jenik.
2:36 of 2nd period - Stopped by Mikhail Berdin with a rebound.
2:46 of 2nd period - Christian Wolanin is hit by Alexander Volkov and loses puck.
3:42 of 2nd period - Tobias Bjornfot is hit by Nick Swaney.
4:00 of 2nd period - Penalty to Hunter Drew is over, Hunter Drew is back on ice.
4:06 of 2nd period - Steven Lorentz is hit by Christian Wolanin and loses puck.
4:26 of 2nd period - Icing by David Gustafsson.
4:27 of 2nd period - Curtis Douglas wins face-off versus David Gustafsson in Santa Cruz Tiger Sharks zone.
4:30 of 2nd period - Wrist shot by Curtis Douglas.
4:30 of 2nd period - Stopped by Mikhail Berdin with a rebound.
4:34 of 2nd period - Snap shot by Cole Koepke.
4:34 of 2nd period - Stopped by Mikhail Berdin with a rebound.
4:36 of 2nd period - Snap shot by Cole Koepke.
4:36 of 2nd period - Shot Misses the Net.
4:38 of 2nd period - Slapshot by Dominik Bokk.
4:38 of 2nd period - Deflect By Cole Koepke.
4:38 of 2nd period - Stopped by Mikhail Berdin without a rebound.
4:39 of 2nd period - Jack Roslovic wins face-off versus Rasmus Kupari in Santa Cruz Tiger Sharks zone.
4:50 of 2nd period - Snap shot by Zach Sanford.
4:50 of 2nd period - Shot Blocked by Tyce Thompson.
5:11 of 2nd period - Snap shot by Travis Boyd.
5:11 of 2nd period - Shot Misses the Net.
5:13 of 2nd period - Wrist shot by Michael McLeod.
5:13 of 2nd period - Stopped by Michael McNiven with a rebound.
5:25 of 2nd period - Snap shot by Cole Koepke.
5:25 of 2nd period - Deflect By Curtis Douglas.
5:25 of 2nd period - Stopped by Mikhail Berdin with a rebound.
5:31 of 2nd period - Snap shot by Curtis Douglas.
5:31 of 2nd period - Stopped by Mikhail Berdin with a rebound.
5:33 of 2nd period - Minor Penalty to Hunter Drew for Slashing.
5:34 of 2nd period - Rasmus Kupari wins face-off versus Kevin Rooney in Santa Cruz Tiger Sharks zone.
5:35 of 2nd period - Snap shot by Cameron Hughes.
5:35 of 2nd period - Shot Misses the Net.
5:49 of 2nd period - Wrist shot by Tyce Thompson.
5:49 of 2nd period - Shot Blocked by Calle Rosen.
6:07 of 2nd period - Austin Strand is hit by Jan Jenik and loses puck.
7:33 of 2nd period - Penalty to Hunter Drew is over, Hunter Drew is back on ice.
8:20 of 2nd period - Wrist shot by Jesper Boqvist.
8:20 of 2nd period - Shot Misses the Net.
8:32 of 2nd period - Dominik Bokk is hit by Sean Day and loses puck.
8:39 of 2nd period - Slapshot by Jack Roslovic.
8:39 of 2nd period - Shot Misses the Net.
9:41 of 2nd period - Icing by Marco Rossi.
9:42 of 2nd period - Marco Rossi wins face-off versus Jack Roslovic in London Knights zone.
9:42 of 2nd period - Marco Rossi is hit by Sean Day.
10:57 of 2nd period - Minor Penalty to Tyce Thompson for Tripping.
10:58 of 2nd period - Jack Roslovic wins face-off versus Rasmus Kupari in London Knights zone.
10:58 of 2nd period - Snap shot by Kailer Yamamoto.
10:58 of 2nd period - Goal by Kailer Yamamoto - Santa Cruz Tiger Sharks : 4 - London Knights : 1.
10:59 of 2nd period - Rasmus Kupari wins face-off versus Jack Roslovic in neutral zone.
11:02 of 2nd period - Zach Sanford is hit by Troy Stecher.
11:41 of 2nd period - Icing by Christian Wolanin.
11:42 of 2nd period - Jan Jenik wins face-off versus Michael McLeod in London Knights zone.
12:17 of 2nd period - Snap shot by Kailer Yamamoto.
12:17 of 2nd period - Stopped by Michael McNiven without a rebound.
12:18 of 2nd period - Kevin Rooney wins face-off versus Jan Jenik in London Knights zone.
12:53 of 2nd period - Minor Penalty to Curtis Douglas for Holding.
12:54 of 2nd period - Jesper Boqvist wins face-off versus Rasmus Kupari in London Knights zone.
12:58 of 2nd period - Wrist shot by Michael McLeod.
12:58 of 2nd period - Shot Blocked by Ethan Bear.
13:00 of 2nd period - Wrist shot by Michael McLeod.
13:00 of 2nd period - Goal by Michael McLeod - Santa Cruz Tiger Sharks : 5 - London Knights : 1.
13:01 of 2nd period - Jack Roslovic wins face-off versus Rasmus Kupari in neutral zone.
13:06 of 2nd period - Wrist shot by Zach Sanford.
13:06 of 2nd period - Stopped by Michael McNiven with a rebound.
13:08 of 2nd period - Slapshot by Jack Roslovic.
13:08 of 2nd period - Shot Blocked by Ethan Bear.
13:10 of 2nd period - Snap shot by Kailer Yamamoto.
13:10 of 2nd period - Stopped by Michael McNiven without a rebound.
13:11 of 2nd period - Tyce Thompson wins face-off versus Jack Roslovic in London Knights zone.
13:22 of 2nd period - Wrist shot by Rasmus Kupari.
13:22 of 2nd period - Deflect By Cameron Hughes.
13:22 of 2nd period - Stopped by Mikhail Berdin with a rebound.
13:25 of 2nd period - Icing by Zach Sanford.
13:26 of 2nd period - Jan Jenik wins face-off versus Jack Roslovic in Santa Cruz Tiger Sharks zone.
13:35 of 2nd period - Wrist shot by Jan Jenik.
13:35 of 2nd period - Goal by Jan Jenik - Santa Cruz Tiger Sharks : 5 - London Knights : 2.
13:36 of 2nd period - Jack Roslovic wins face-off versus Rasmus Kupari in neutral zone.
14:12 of 2nd period - Nick Swaney is hit by Tobias Bjornfot and loses puck.
14:25 of 2nd period - Michael McLeod is hit by Troy Stecher and loses puck.
14:44 of 2nd period - Slapshot by David Gustafsson.
14:44 of 2nd period - Stopped by Michael McNiven without a rebound.
14:45 of 2nd period - Marco Rossi wins face-off versus David Gustafsson in London Knights zone.
15:12 of 2nd period - Off-side.
15:13 of 2nd period - Jack Roslovic wins face-off versus Rasmus Kupari in neutral zone.
15:28 of 2nd period - Slapshot by Kailer Yamamoto.
15:28 of 2nd period - Stopped by Michael McNiven with a rebound.
15:49 of 2nd period - Wrist shot by Jan Jenik.
15:49 of 2nd period - Shot Misses the Net.
16:28 of 2nd period - Wrist shot by Marco Rossi.
16:28 of 2nd period - Shot Misses the Net.
16:48 of 2nd period - Wrist shot by Jack Roslovic.
16:48 of 2nd period - Shot Blocked by Cameron Hughes.
16:50 of 2nd period - Snap shot by Jack Roslovic.
16:50 of 2nd period - Stopped by Michael McNiven without a rebound.
16:51 of 2nd period - Jan Jenik wins face-off versus Kevin Rooney in London Knights zone.
16:56 of 2nd period - Snap shot by Nick Swaney.
16:56 of 2nd period - Stopped by Mikhail Berdin with a rebound.
17:18 of 2nd period - Alexander Volkov is hit by Cole Koepke.
17:22 of 2nd period - Calle Rosen is hit by Cole Koepke and loses puck.
17:55 of 2nd period - Tyce Thompson is hit by Zach Sanford and loses puck.
18:12 of 2nd period - Snap shot by Marco Rossi.
18:12 of 2nd period - Stopped by Mikhail Berdin with a rebound.
19:21 of 2nd period - Marco Rossi is hit by Austin Strand and loses puck.
19:28 of 2nd period - Steven Lorentz is hit by Simon Lundmark and loses puck.
19:43 of 2nd period - Austin Strand is hit by Simon Lundmark and loses puck.
Goals for this period are 3 for Santa Cruz Tiger Sharks vs 1 for London Knights.
Shots for this period are 14 for Santa Cruz Tiger Sharks vs 11 for London Knights.
3rd period
0:01 of 3rd period - Rasmus Kupari wins face-off versus Michael McLeod in neutral zone.
0:08 of 3rd period - Slapshot by Rasmus Kupari.
0:08 of 3rd period - Stopped by Mikhail Berdin with a rebound.
0:51 of 3rd period - Snap shot by Kieffer Bellows.
0:51 of 3rd period - Stopped by Michael McNiven with a rebound.
0:53 of 3rd period - Wrist shot by Kevin Rooney.
0:53 of 3rd period - Shot Misses the Net.
0:55 of 3rd period - Snap shot by Kevin Rooney.
0:55 of 3rd period - Shot Blocked by Dominik Bokk.
1:47 of 3rd period - Backhand shot by Jan Jenik.
1:47 of 3rd period - Shot Blocked by Kailer Yamamoto.
1:49 of 3rd period - Slapshot by Ethan Bear.
1:49 of 3rd period - Stopped by Mikhail Berdin with a rebound.
1:51 of 3rd period - Slapshot by Simon Lundmark.
1:51 of 3rd period - Shot Misses the Net.
1:53 of 3rd period - Slapshot by Simon Lundmark.
1:53 of 3rd period - Stopped by Mikhail Berdin without a rebound.
1:54 of 3rd period - Kailer Yamamoto wins face-off versus Jan Jenik in Santa Cruz Tiger Sharks zone.
1:54 of 3rd period - Kailer Yamamoto is hit by Jan Jenik.
2:06 of 3rd period - Snap shot by Jack Roslovic.
2:06 of 3rd period - Deflect By Sami Niku.
2:06 of 3rd period - Stopped by Michael McNiven with a rebound.
2:08 of 3rd period - Slapshot by Tobias Bjornfot.
2:08 of 3rd period - Deflect By Jack Roslovic.
2:08 of 3rd period - Stopped by Michael McNiven with a rebound.
2:10 of 3rd period - Slapshot by Austin Strand.
2:10 of 3rd period - Stopped by Michael McNiven with a rebound.
2:16 of 3rd period - Minor Penalty to Simon Lundmark for Charging.
2:17 of 3rd period - Rasmus Kupari wins face-off versus Zach Sanford in London Knights zone.
2:24 of 3rd period - Slapshot by Kailer Yamamoto.
2:24 of 3rd period - Shot Misses the Net.
2:46 of 3rd period - Slapshot by Tobias Bjornfot.
2:46 of 3rd period - Shot Misses the Net.
2:48 of 3rd period - Wrist shot by Jesper Boqvist.
2:48 of 3rd period - Deflect By Travis Boyd.
2:48 of 3rd period - Shot Blocked by Ethan Bear.
2:48 of 3rd period - Puck is out of play.
2:49 of 3rd period - Rasmus Kupari wins face-off versus Michael McLeod in London Knights zone.
3:13 of 3rd period - Curtis Douglas is hit by Zach Sanford and loses puck.
4:16 of 3rd period - Penalty to Simon Lundmark is over, Simon Lundmark is back on ice.
4:40 of 3rd period - Snap shot by Evgeny Svechnikov.
4:40 of 3rd period - Stopped by Michael McNiven with a rebound.
5:22 of 3rd period - Zach Sanford is hit by Marco Rossi and loses puck.
5:47 of 3rd period - Minor Penalty to Michael McLeod for Holding.
5:48 of 3rd period - Rasmus Kupari wins face-off versus David Gustafsson in Santa Cruz Tiger Sharks zone.
6:21 of 3rd period - Slapshot by Troy Stecher.
6:21 of 3rd period - Stopped by Mikhail Berdin without a rebound.
6:22 of 3rd period - Kevin Rooney wins face-off versus Tyce Thompson in Santa Cruz Tiger Sharks zone.
6:55 of 3rd period - Slapshot by Alexander Volkov.
6:55 of 3rd period - Stopped by Michael McNiven with a rebound.
7:47 of 3rd period - Penalty to Michael McLeod is over, Michael McLeod is back on ice.
8:18 of 3rd period - Simon Lundmark is hit by Travis Boyd and loses puck.
8:25 of 3rd period - Slapshot by Sami Niku.
8:25 of 3rd period - Stopped by Mikhail Berdin with a rebound.
8:27 of 3rd period - Snap shot by Sami Niku.
8:27 of 3rd period - Deflect By Marco Rossi.
8:27 of 3rd period - Shot Blocked by Hunter Drew.
8:27 of 3rd period - Puck is out of play.
8:28 of 3rd period - Rasmus Kupari wins face-off versus Michael McLeod in Santa Cruz Tiger Sharks zone.
8:35 of 3rd period - Wrist shot by Tyce Thompson.
8:35 of 3rd period - Shot Misses the Net.
8:49 of 3rd period - Minor Penalty to Cameron Hughes for Slashing.
8:50 of 3rd period - Jan Jenik wins face-off versus Jack Roslovic in London Knights zone.
9:23 of 3rd period - Snap shot by Michael McLeod.
9:23 of 3rd period - Stopped by Michael McNiven with a rebound.
9:25 of 3rd period - Snap shot by Travis Boyd.
9:25 of 3rd period - Stopped by Michael McNiven with a rebound.
9:27 of 3rd period - Snap shot by Michael McLeod.
9:27 of 3rd period - Deflect By Simon Ryfors.
9:27 of 3rd period - Shot Misses the Net.
9:27 of 3rd period - Puck is out of play.
9:28 of 3rd period - Jack Roslovic wins face-off versus Simon Ryfors in London Knights zone.
9:31 of 3rd period - Wrist shot by Kailer Yamamoto.
9:31 of 3rd period - Shot Misses the Net.
9:33 of 3rd period - Wrist shot by Kailer Yamamoto.
9:33 of 3rd period - Stopped by Michael McNiven with a rebound.
9:35 of 3rd period - Slapshot by Austin Strand.
9:35 of 3rd period - Goal by Austin Strand - Santa Cruz Tiger Sharks : 6 - London Knights : 2.
9:36 of 3rd period - Travis Boyd wins face-off versus Rasmus Kupari in neutral zone.
9:45 of 3rd period - Calle Rosen is hit by Troy Stecher and loses puck.
10:24 of 3rd period - Snap shot by Alexander Volkov.
10:24 of 3rd period - Stopped by Michael McNiven with a rebound.
10:26 of 3rd period - Snap shot by Jack Roslovic.
10:26 of 3rd period - Stopped by Michael McNiven with a rebound.
10:50 of 3rd period - David Gustafsson is hit by Simon Ryfors and loses puck.
10:55 of 3rd period - Snap shot by Marco Rossi.
10:55 of 3rd period - Shot Misses the Net.
10:57 of 3rd period - Slapshot by Christian Wolanin.
10:57 of 3rd period - Deflect By Marco Rossi.
10:57 of 3rd period - Shot Hit the Post.
10:57 of 3rd period - Puck is out of play.
10:58 of 3rd period - Rasmus Kupari wins face-off versus Michael McLeod in Santa Cruz Tiger Sharks zone.
11:04 of 3rd period - Minor Penalty to Hunter Drew for Diving.
11:05 of 3rd period - Rasmus Kupari wins face-off versus David Gustafsson in Santa Cruz Tiger Sharks zone.
11:21 of 3rd period - Snap shot by Tyce Thompson.
11:21 of 3rd period - Stopped by Mikhail Berdin without a rebound.
11:22 of 3rd period - Kevin Rooney wins face-off versus Jan Jenik in Santa Cruz Tiger Sharks zone.
11:54 of 3rd period - Backhand shot by Jordan Oesterle.
11:54 of 3rd period - Shot Misses the Net.
12:14 of 3rd period - Alexander Volkov is hit by Christian Wolanin and loses puck.
13:04 of 3rd period - Penalty to Hunter Drew is over, Hunter Drew is back on ice.
13:07 of 3rd period - Sean Day is hit by Dominik Bokk and loses puck.
13:18 of 3rd period - Wrist shot by David Gustafsson.
13:18 of 3rd period - Stopped by Michael McNiven with a rebound.
13:20 of 3rd period - Slapshot by David Gustafsson.
13:20 of 3rd period - Stopped by Michael McNiven with a rebound.
13:22 of 3rd period - Wrist shot by Steven Lorentz.
13:22 of 3rd period - Shot Misses the Net.
13:24 of 3rd period - Slapshot by Sean Day.
13:24 of 3rd period - Stopped by Michael McNiven with a rebound.
13:26 of 3rd period - Snap shot by Hunter Drew.
13:26 of 3rd period - Shot Misses the Net.
13:28 of 3rd period - Snap shot by Steven Lorentz.
13:28 of 3rd period - Shot Misses the Net.
13:30 of 3rd period - Snap shot by Hunter Drew.
13:30 of 3rd period - Stopped by Michael McNiven with a rebound.
13:32 of 3rd period - Slapshot by Calle Rosen.
13:32 of 3rd period - Stopped by Michael McNiven without a rebound.
13:33 of 3rd period - Marco Rossi wins face-off versus Jack Roslovic in London Knights zone.
13:35 of 3rd period - Minor Penalty to Declan McDonnell for Tripping.
13:36 of 3rd period - Michael McLeod wins face-off versus Rasmus Kupari in London Knights zone.
13:50 of 3rd period - Snap shot by Travis Boyd.
13:50 of 3rd period - Shot Misses the Net.
14:14 of 3rd period - Snap shot by Cameron Hughes.
14:14 of 3rd period - Deflect By Curtis Douglas.
14:14 of 3rd period - Stopped by Mikhail Berdin with a rebound.
14:16 of 3rd period - Wrist shot by Curtis Douglas.
14:16 of 3rd period - Stopped by Mikhail Berdin without a rebound.
14:17 of 3rd period - Cameron Hughes wins face-off versus Jack Roslovic in Santa Cruz Tiger Sharks zone.
14:17 of 3rd period - Ethan Bear is hit by Calle Rosen and loses puck.
14:24 of 3rd period - Snap shot by Cameron Hughes.
14:24 of 3rd period - Shot Misses the Net.
14:38 of 3rd period - Calle Rosen is hit by Troy Stecher and loses puck.
14:47 of 3rd period - Wrist shot by Zach Sanford.
14:47 of 3rd period - Shot Blocked by Troy Stecher.
14:49 of 3rd period - Slapshot by Austin Strand.
14:49 of 3rd period - Shot Misses the Net.
15:08 of 3rd period - Jordan Oesterle is hit by Kailer Yamamoto and loses puck.
15:26 of 3rd period - Simon Ryfors is hit by Austin Strand and loses puck.
15:35 of 3rd period - Penalty to Declan McDonnell is over, Declan McDonnell is back on ice.
15:39 of 3rd period - Jan Jenik is hit by Kailer Yamamoto.
15:53 of 3rd period - Slapshot by Sami Niku.
15:53 of 3rd period - Stopped by Mikhail Berdin without a rebound.
15:54 of 3rd period - Kevin Rooney wins face-off versus Curtis Douglas in Santa Cruz Tiger Sharks zone.
15:54 of 3rd period - Kevin Rooney is hit by Troy Stecher.
16:06 of 3rd period - Wrist shot by Alexander Volkov.
16:06 of 3rd period - Stopped by Michael McNiven with a rebound.
16:41 of 3rd period - Jordan Oesterle is hit by Evgeny Svechnikov.
17:21 of 3rd period - Slapshot by Cole Koepke.
17:21 of 3rd period - Stopped by Mikhail Berdin without a rebound.
17:22 of 3rd period - David Gustafsson wins face-off versus Rasmus Kupari in Santa Cruz Tiger Sharks zone.
17:30 of 3rd period - Cameron Hughes and David Gustafsson fight to a draw.
17:30 of 3rd period - Penalty to Cameron Hughes for Fighting.
17:30 of 3rd period - Penalty to David Gustafsson for Fighting.
17:31 of 3rd period - Rasmus Kupari wins face-off versus Jack Roslovic in neutral zone.
17:46 of 3rd period - Snap shot by Tobias Bjornfot.
17:46 of 3rd period - Stopped by Michael McNiven with a rebound.
17:58 of 3rd period - Jan Jenik is hit by Kieffer Bellows and loses puck.
18:19 of 3rd period - Connor Bunnaman is hit by Sean Day and loses puck.
18:28 of 3rd period - Slapshot by Zach Sanford.
18:28 of 3rd period - Stopped by Michael McNiven with a rebound.
18:33 of 3rd period - Ethan Bear is hit by Steven Lorentz and loses puck.
18:46 of 3rd period - Ethan Bear is hit by Travis Boyd and loses puck.
18:51 of 3rd period - Wrist shot by Jesper Boqvist.
18:51 of 3rd period - Shot Misses the Net.
19:15 of 3rd period - Troy Stecher is hit by Alexander Volkov and loses puck.
19:20 of 3rd period - Snap shot by Kieffer Bellows.
19:20 of 3rd period - Shot Misses the Net.
Goals for this period are 1 for Santa Cruz Tiger Sharks vs 0 for London Knights.
Shots for this period are 20 for Santa Cruz Tiger Sharks vs 10 for London Knights.
Back to the Top